AoeStats
← Get Rich @ Hex.com

Arabia

509732925Analyzed
3v3 RM · 6d ago on Sep 27, 2026· 37m 23s· 6 players
Game mode
Random Map
Map size
Normal (6 player)
Population
200
Speed
Normal
Resources
Standard
Victory
Conquest
Starting age
Dark Age
Ending age
Imperial Age
RankedLock teamsTeams togetherTeam positionsShared explorationLock speedFull tech treeHidden civsTurbo modeCheats
Victory
Defeat
🇺🇸 Malay · United States
1002
+13
🇺🇸 Turks · United States
942
+15
🇺🇸 Goths · United States
942
+16
🇨🇱 Mongols · Chile
969
-16
🇩🇪 Tupi · Germany
925
-14
🇺🇸 Lithuanians · United States
912
-14
Wurzelsepp
8:02 Loom
10:33 Feudal Age
11:08 Double-Bit Axe
11:08 Horse Collar
17:51 Stone Mining
21:54 Castle Age
22:46 Fletching
24:34 Padded Archer Armor
25:33 Ballistics
25:55 Squires
27:03 Bodkin Arrow
28:14 Leather Archer Armor
28:32 Bow Saw
30:11 Scale Mail Armor
32:27 Heavy Plow
38:17 Imperial Age
oveja83
6:51 Loom
9:02 Feudal Age
19:36 Castle Age
17:55 Double-Bit Axe
18:22 Padded Archer Armor
19:41 Crossbowman
21:23 Bow Saw
20:57 Horse Collar
22:08 Town Watch
22:47 Scale Mail Armor
25:12 Fletching
28:28 Wheelbarrow
29:05 Gold Mining
32:43 Hand Cart
33:35 Bodkin Arrow
35:33 Chain Mail Armor
35:34 Elite Skirmisher
36:33 Leather Archer Armor
shabolobodingdong
10:42 Feudal Age
18:56 Castle Age
18:43 Double-Bit Axe
18:45 Horse Collar
24:15 Bow Saw
24:12 Heavy Plow
24:52 Wheelbarrow
24:07 Loom
24:17 Stone Mining
27:51 Husbandry
28:02 Bloodlines
31:06 Hand Cart
32:23 Scale Barding Armor
32:29 Forging
35:42 Chain Barding Armor
35:57 Iron Casting
36:16 Ballistics
jussilliman
2:48 Loom
9:45 Feudal Age
17:59 Castle Age
33:10 Imperial Age
32:08 Double-Bit Axe
34:11 Forging
Blondie
3:21 Loom
11:06 Feudal Age
18:05 Castle Age
21:43 Pikeman
24:16 Double-Bit Axe
24:36 Horse Collar
25:25 Elite Skirmisher
26:13 Squires
26:17 Scale Mail Armor
27:35 Fletching
30:51 Anarchy
33:50 Forging
Get Rich @ Hex.com
0:26 Loom
14:13 Feudal Age
14:54 Double-Bit Axe
18:51 Castle Age
23:47 Imperial Age
21:57 Wheelbarrow
26:13 Padded Archer Armor
28:27 Gold Mining
Connection lost

Rejoining the realm…

Still unreachable

The connection could not be restored.

Session expired

The server has moved on; the page needs a fresh start.